 Dungeon Sprint DCSS version 0.16-a0-3606-g1520cdc (webtiles) character file.

4502 BluebellGnoll the Protected (level 10, 60/60 HPs)
             Began as a Deep Elf Fire Elementalist on Jan 13, 2015.
             Was the Champion of Makhleb.
             Quit the game in the Dungeon (Sprint V: "Ziggurat Sprint").
             The game lasted 00:15:59 (969 turns).

BluebellGnoll the Protected (DEFE)                   Turns: 969, Time: 00:15:59

Health: 60/60      AC: 27    Str: 13      XL:     10   Next: 16%
Magic:  24/24      EV: -2    Int: 24      God:    Makhleb [******]
Gold:   0          SH: 28    Dex: 15 (16) Spells: 3 memorised, 9 levels left

rFire  + . .     SeeInvis +     y - +5 demon blade (freeze)
rCold  + . .     Clarity  .     j - +5 gold dragon armour
rNeg   + . .     SustAb   .     w - +18 shield of the gong {rElec rN+ MR+ EV-5}
rPois  +         Gourm    +     (no helmet)
rElec  +         Spirit   .     p - +0 cloak {MR+}
rCorr  .         Warding  .     (no gloves)
rMut   .         NoTele   +     (no boots)
MR     +++..                    S - amulet of the gourmand
Stlth  ..........               q - ring of the Octopus King {AC+1 EV+1 Str+1 Int+1 Dex+1 SInv}
                                t - +6 ring of strength

@: extremely resistant to hostile enchantments, extremely unstealthy
A: no striking features
a: Minor Destruction, Lesser Servant of Makhleb, Major Destruction, Greater
Servant of Makhleb, Renounce Religion


You were in the Dungeon.
You worshipped Makhleb.
Makhleb was exalted by your worship.
You were very full.

You visited 1 branch

Inventory:

Hand weapons
 y - a +5 demon blade of freezing (weapon)
Armour
 j - a +5 gold dragon armour (worn)
 p - a +0 cloak of magic resistance (worn)
 w - the +18 shield of the gong (worn) {rElec rN+ MR+ EV-5}
   (You found it in the Dungeon)

   It affects your evasion (-5).
   It insulates you from electricity.
   It protects you from negative energy.
   It affects your resistance to hostile enchantments.
 T - a +4 ring mail of fire resistance
Magical staves
 o - an uncursed staff of energy
Rods
 U - a +5 lightning rod (13/13)
   (You found it in the Dungeon)
Jewellery
 q - a ring of the Octopus King (right hand) {AC+1 EV+1 Str+1 Int+1 Dex+1 SInv}
   (You found it in the Dungeon)

   [ring of see invisible]

   It affects your AC (+1).
   It affects your evasion (+1).
   It affects your strength (+1).
   It affects your intelligence (+1).
   It affects your dexterity (+1).
   It enhances your eyesight.
 r - a +6 ring of intelligence
 s - a +6 ring of intelligence
 t - a +6 ring of strength (left hand)
 u - a +6 ring of strength
 S - an amulet of the gourmand (around neck)
Magical devices
 k - a wand of disintegration (7)
 l - a wand of fire (0)
 m - a wand of cold (0)
 n - a wand of draining (0)
Scrolls
 i - 4 scrolls of blinking
 B - 4 scrolls of amnesia
 C - 3 scrolls of recharging
 D - 8 scrolls of fog
 E - a scroll of holy word
 F - 5 scrolls of identify
 G - 5 scrolls of remove curse
 H - 2 scrolls of fear
Potions
 d - 10 potions of curing
 e - 10 potions of heal wounds
 f - 5 potions of haste
 g - 7 potions of magic
 h - a potion of berserk rage
 I - 2 potions of brilliance
 J - 2 potions of invisibility
 K - 2 potions of restore abilities
 L - 4 potions of resistance
 N - 6 potions of agility
 O - 7 potions of might
Books
 b - a book of Flames

   Spells                             Type                      Level
   a - Flame Tongue                   Conjuration/Fire             1
   b - Throw Flame                    Conjuration/Fire             2
   c - Conjure Flame                  Conjuration/Fire             3
   d - Inner Flame                    Hexes/Fire                   3
   e - Sticky Flame                   Conjuration/Fire             4
   f - Fireball                       Conjuration/Fire             5
 v - a tome of Destruction
Miscellaneous
 a - a box of beasts {used: 1}
 x - a sack of spiders
 M - an ornate deck of wonders {drawn: 5}
 V - a lantern of shadows
Comestibles
 c - 5 bread rations
 z - 42 fruits
 A - 4 meat rations


   Skills:
 - Level 5.6 Fighting
 - Level 10.3 Long Blades
 + Level 14.7 Armour
 - Level 2.4 Dodging
 - Level 2.4 Stealth
 - Level 7.9 Shields
 - Level 3.0 Spellcasting
 - Level 1.1 Conjurations
 - Level 3.2 Fire Magic


You had 9 spell levels left.
You knew the following spells:

 Your Spells              Type           Power        Failure   Level  Hunger
a - Flame Tongue          Conj/Fire      ##...        100%        1    None
b - Stoneskin             Trmt/Erth      #.......     100%        2    ##.....
c - Mephitic Cloud        Conj/Pois/Air  #.......     100%        3    ###....


Dungeon Overview and Level Annotations

Branches:
Dungeon (1/1)

Altars:
Ashenzari
Cheibriados
Dithmenos
Elyvilon
Fedhas
Gozag
Kikubaaqudgha
Makhleb
Nemelex Xobeh
Okawaru
Qazlal
Ru
Sif Muna
Trog
Vehumet
Xom
Yredelemnul
Zin
The Shining One
Beogh
Jiyva
Lugonu


Message History

Your +5 demon blade is covered with a thin layer of ice!
y - a +5 demon blade of freezing Wield which item (- for none, * to show all)? (? for menu, Esc to quit)
The Singing Sword sighs.
It glows with a cold blue light!
y - a +5 demon blade of freezing (weapon)
Drop what? 45/52 slots (_ for help) (? for menu, Esc to quit)
You drop the +7 Singing Sword.
Your magical contamination has completely faded away.
You see here an uncursed staff of energy.
You see here an uncursed spear.
You see here a sack of spiders.
x - a sack of spiders You see here an uncursed staff of energy.
You see here the +7 Singing Sword.
Saving game... please wait.
Welcome back, BluebellGnoll the Deep Elf Fire Elementalist.
Blood and souls for Makhleb!
Press ? for a list of commands and other information.
Are you sure you want to abandon this character and quit the game? (Confirm with "yes".)

▓.........▓...)...▓
▓.........▓.......▓
▓.........▓.......▓
▓.........▓.......▓
▓.▓.....▓.▓.▓...▓.▓
▓.........▓.......▓
▓▓▓▓▓▓▓▓▓▓▓▓▓▓▓▓▓▓▓
▓...8©8...▓..8©8..▓
▓...|@[...▓...|}..▓
▓...)))...▓..)|[..▓
▓.........▓.......▓
▓.........▓.......▓
▓.........▓..)).).▓
▓.....)...▓...)...▓
▓.▓..÷..▓.▓.▓.).▓.▓
▓....)....▓.......▓
▓▓▓▓▓▓▓▓▓▓▓▓▓▓▓▓▓▓▓


There were no monsters in sight!

Vanquished Creatures
  A deep elf summoner (D)
  A deep elf conjurer (D)
  3 toenail golems (D)
  A naga mage (D)
  2 spriggans (D)
  A deep elf mage (D)
  A golden eye (D)
  2 wolves (D)
  A dwarf (D)
  2 water moccasins (D)
  A black bear (D)
  2 wasps (D)
  A big kobold (D)
  A giant frog (D)
  A crimson imp (D)
  2 iron imps (D)
  3 jellies (D)
  An iguana (D)
  2 quasits (D)
  3 adders (D)
  3 ball pythons (D)
  A fungus (D)
36 creatures vanquished.

Vanquished Creatures (collateral kills)
  A deep elf conjurer (D)
  A deep elf fighter (D)
  An adder skeleton (D)
  2 ball pythons (D)
5 creatures vanquished.

Vanquished Creatures (others)
  A wolf (D)
  A dwarf (D)
  A white imp (D)
  An adder zombie (D)
  A bat zombie (D)
  A giant cockroach zombie (D)
  A giant gecko skeleton (D)
7 creatures vanquished.

Grand Total: 48 creatures vanquished

Notes
Turn   | Place    | Note
--------------------------------------------------------------
     0 | D        | BluebellGnoll, the Deep Elf Fire Elementalist, began the quest for the Orb.
     0 | D        | Reached XP level 1. HP: 10/10 MP: 5/5
     0 | D        | Found a basalt altar of Yredelemnul.
     0 | D        | Found an iron altar of Okawaru.
     5 | D        | Found a viscous altar of Jiyva.
     5 | D        | Found a corrupted altar of Lugonu.
     5 | D        | Found a white marble altar of Elyvilon.
     7 | D        | Found a sparkling altar of Nemelex Xobeh.
     7 | D        | Found a burning altar of Makhleb.
     7 | D        | Found a deep blue altar of Sif Muna.
     8 | D        | Found a bloodstained altar of Trog.
    18 | D        | Found a radiant altar of Vehumet.
    24 | D        | Found a shimmering altar of Xom.
    68 | D        | Became a worshipper of Makhleb the Destroyer
    72 | D        | Entered arena 1.
    72 | D        | Noticed an iguana
    72 | D        | Noticed a giant frog
    77 | D        | Killed an iguana
    77 | D        | Reached XP level 2. HP: 9/19 MP: 8/8
    78 | D        | Killed a giant frog
    78 | D        | Acquired Makhleb's first power
    78 | D        | Reached skill level 5 in Fighting
    78 | D        | Reached skill level 5 in Long Blades
    78 | D        | Reached XP level 3. HP: 11/26 MP: 10/10
    78 | D        | Reached XP level 4. HP: 12/31 MP: 13/13
   296 | D        | Reached skill level 8 in Armour
   296 | D        | Reached XP level 5. HP: 35/35 MP: 16/16
   297 | D        | Entered arena 2.
   297 | D        | Noticed a toenail golem
   297 | D        | Noticed a toenail golem
   297 | D        | Noticed a toenail golem
   304 | D        | Killed a toenail golem
   304 | D        | Reached XP level 6. HP: 17/40 MP: 18/18
   304 | D        | Reached XP level 7. HP: 18/44 MP: 20/20
   309 | D        | Killed a toenail golem
   309 | D        | Reached skill level 9 in Long Blades
   313 | D        | Killed a toenail golem
   313 | D        | Reached skill level 10 in Long Blades
   313 | D        | Reached XP level 8. HP: 14/49 MP: 21/21
   528 | D        | Entered arena 3.
   528 | D        | Noticed an iron imp
   528 | D        | Noticed a crimson imp
   528 | D        | Noticed a quasit
   528 | D        | Noticed an iron imp
   529 | D        | Killed a crimson imp
   532 | D        | Killed a quasit
   537 | D        | Killed an iron imp
   537 | D        | Acquired Makhleb's second power
   539 | D        | Killed an iron imp
   552 | D        | Learned a level 2 spell: Stoneskin
   554 | D        | Got a ring of the Octopus King {AC+1 EV+1 Str+1 Int+1 Dex+1 SInv}
   556 | D        | Entered arena 4.
   556 | D        | Noticed a jelly
   556 | D        | Noticed a golden eye
   556 | D        | Noticed a jelly
   556 | D        | Noticed a jelly
   576 | D        | Killed a jelly
   577 | D        | Killed a jelly
   583 | D        | Killed a jelly
   583 | D        | Acquired Makhleb's third power
   682 | D        | Killed a golden eye
   686 | D        | Entered arena 5.
   686 | D        | Noticed a water moccasin
   691 | D        | Killed a water moccasin
   693 | D        | Acquired Makhleb's fourth power
   714 | D        | Entered arena 6.
   714 | D        | Noticed a water moccasin
   714 | D        | Noticed a naga mage
   716 | D        | Killed a water moccasin
   716 | D        | Reached skill level 10 in Armour
   716 | D        | Acquired Makhleb's fifth power
   716 | D        | Killed a naga mage
   716 | D        | Reached XP level 9. HP: 54/54 MP: 22/22
   732 | D        | Learned a level 3 spell: Mephitic Cloud
   737 | D        | Got the amulet "Chiad" {Inacc +Blink rC- Int+3 Stlth-}
   740 | D        | Entered arena 7.
   740 | D        | Noticed a deep elf conjurer
   740 | D        | Noticed a deep elf mage
   740 | D        | Noticed a deep elf summoner
   740 | D        | Noticed a deep elf fighter
   740 | D        | Noticed a deep elf conjurer
   744 | D        | Killed a deep elf mage
   744 | D        | Reached skill level 11 in Armour
   744 | D        | Killed a deep elf conjurer
   744 | D        | Killed a deep elf fighter
   744 | D        | Reached skill level 12 in Armour
   749 | D        | Noticed a demonic crawler
   749 | D        | Killed a deep elf summoner
   755 | D        | Killed a deep elf conjurer
   755 | D        | Reached skill level 13 in Armour
   811 | D        | Entered arena 8.
   811 | D        | Noticed a quasit
   812 | D        | Drew Focus: Int increased to 23, Str decreased to 6
   819 | D        | Killed a quasit
   873 | D        | Entered arena 9.
   873 | D        | Noticed a wolf
   873 | D        | Noticed a spriggan rider
   873 | D        | Noticed a wolf
   873 | D        | Noticed a wolf
   873 | D        | Noticed a black bear
   873 | D        | Noticed a spriggan rider
   873 | D        | Noticed a black bear
   873 | D        | Noticed a wolf
   875 | D        | a wolf changed into a dwarf
   875 | D        | Killed a wolf
   875 | D        | a black bear changed into a big kobold
   887 | D        | Killed a wolf
   889 | D        | Killed a wolf
   891 | D        | Reached skill level 14 in Armour
   891 | D        | Reached XP level 10. HP: 60/60 MP: 24/24
   892 | D        | Killed a black bear
   894 | D        | Killed a wasp
   894 | D        | Killed a spriggan
   908 | D        | Killed a spriggan
   911 | D        | Killed a wasp
   969 | D        | Quit the game

Action                   |  1- 3 |  4- 6 |  7- 9 | 10-12 || total
-------------------------+-------+-------+-------+-------++-------
Melee: Double sword      |     5 |     3 |    64 |    19 ||    91
Evoke: Wand              |       |     3 |    12 |       ||    15
       Box of beasts     |       |       |     1 |       ||     1
       Deck              |       |       |     5 |       ||     5
       Phantom mirror    |       |       |     2 |       ||     2
  Use: Potion            |     1 |     2 |     2 |       ||     5
       Scroll            |       |       |       |     1 ||     1
  Eat: Chunk             |       |       |    13 |     9 ||    22
